 Dungeon Crawl Stone Soup version 0.26.1-11-gd32895ea62 (webtiles) character file.

Game seed: 6263808527174613684

268 Descartes the Insei (level 6, -2/29 HPs)
             Began as a Vine Stalker Transmuter on June 19, 2021.
             Slain by a gnoll (4 damage)
             ... on level 4 of the Dungeon.
             The game lasted 00:08:28 (4028 turns).

Descartes the Insei (Vine Stalker Transmuter)       Turns: 4028, Time: 00:08:29

Health: -2/29      AC:  7    Str: 14    XL:     6   Next: 21%
Magic:  0/19       EV: 13    Int: 14    God:
Gold:   112        SH:  0    Dex: 14    Spells: 8/9 levels left

rFire    . . .     SeeInvis .     - Unarmed
rCold    . . .     Faith    .   (no shield)
rNeg     . . .     Spirit   +   j - +0 leather armour
rPois    .         Reflect  .   (helmet currently unavailable)
rElec    .         Harm     .   (no cloak)
rCorr    .         Rampage  .   (no gloves)
Will     .....                  (boots currently unavailable)
Stlth    ++........             (no amulet)
HPRegen  0.49/turn              d - ring of magical power
MPRegen  0.16/turn              r - +4 ring of protection

@: appendages (expiring)
A: fangs 2, horns 2, talons 2, regeneration 1, magic shield, antimagic bite, no
potion heal 3
a: End Transformation


You were on level 4 of the Dungeon.
You had grown temporary horns.
You had grown temporary talons.
You visited 1 branch of the dungeon, and saw 4 of its levels.

You collected 112 gold pieces.

Inventory:

Missiles
 f - 4 boomerangs
 h - 82 stones
 m - 75 sling bullets
 o - 55 arrows
Armour
 a - a +0 robe
 c - a +0 leather armour
 g - a +0 tower shield
 j - a +0 leather armour (worn)
Jewellery
 d - a ring of magical power (left hand)
 r - a +4 ring of protection (right hand)
 t - an uncursed ring of poison resistance
Scrolls
 b - 8 scrolls of teleportation
 e - 2 scrolls of remove curse
 s - a scroll of enchant weapon
 v - a scroll of amnesia
Potions
 i - a potion of flight
 k - 5 potions of curing {unknown}
 l - a potion of cancellation {unknown}
 n - a potion of heal wounds {unknown}
 p - a potion of might {unknown}
 q - a potion of haste {unknown}
 u - 2 potions of lignification {unknown}


   Skills:
 - Level 0.8 Fighting
 + Level 3.2 Dodging
 + Level 4.3 Stealth
 + Level 4.5 Unarmed Combat
 - Level 2.1 Spellcasting
 - Level 2.0 Transmutations


You had 8 spell levels left.
You knew the following spells:

 Your Spells              Type           Power        Failure   Level
a - Beastly Appendage     Tmut           14%          13%         1

Your spell library contained the following spells:

 Spells                   Type           Power        Failure   Level
 Wereblood                Tmut           7%           21%         2
 Spider Form              Tmut/Pois      2%           52%         3
 Ice Form                 Ice/Tmut       4%           89%         4
 Blade Hands              Tmut           3%           98%         5


Dungeon Overview and Level Annotations

Branches:
Dungeon (4/15)
 Temple: D:4-7

Altars:
Ashenzari
Elyvilon
Fedhas

Annotations:
D:4 Pikel


Innate Abilities, Weirdness & Mutations

You have extremely sharp teeth.
Your natural rate of healing is unusually fast.
When hurt, damage is shared between your health and your magic reserves.
Your bite disrupts and absorbs the magic of your enemies.
Potions cannot restore your health.
You have a pair of horns on your head.
You have razor-sharp toenails.


Message History

You hear a shout!
Pikel closely misses you. The gnoll barely misses you.
You barely miss the gnoll. You claw the gnoll.
You kill the gnoll!
Your transformation is almost over.
The gnoll hits you from afar with a +0 halberd!
Pikel says, "You'll feel the lick of my whip!"
Pikel hits you with a +0 whip of freezing.
* * * LOW HITPOINT WARNING * * *
Pikel freezes you.
* * * LOW HITPOINT WARNING * * *
You barely miss the gnoll. Your kick misses the gnoll.
A scorpion comes into view.
The gnoll hits you!
* * * LOW HITPOINT WARNING * * *
Pikel misses you. The gnoll closely misses you.
You barely miss the gnoll. You claw the gnoll. Your bite misses the gnoll.
The gnoll is moderately wounded.
The gnoll hits you.
You die...

### ##.## ##...##
##.....######
#............
#########......#####
#5o55K@g.......####
#.######g###.#...<#
.... ....##.####.#
#...## ........# #.#
#...# #........# #.#
....# #........# #.#
...o.. ..........g
[g.
.#....###.........g
... #.#


You could see Pikel, 3 lemures, an orc wizard and 2 gnolls.

Vanquished Creatures
  A gnoll shaman (D:4)
  An orc priest (D:3)
  A centaur skeleton (D:4)
  An orc wizard (D:3)
  A gnoll (D:4)
  4 adders
  5 oozes
  A worm (D:3)
  2 dart slugs
  9 orcs (D:3)
  A ball python (D:3)
  10 bats
  5 hobgoblins
  11 jackals
  12 frilled lizards
  7 goblins
  A jackal skeleton (D:3)
  2 kobolds (D:1)
  A leopard gecko skeleton (D:4)
  A leopard gecko zombie (D:2)
  4 rats
81 creatures vanquished.

Notes
Turn   | Place    | Note
-------+----------+-------------------------------------------
     0 | D:1      | Descartes the Vine Stalker Transmuter began the quest for
                  | the Orb.
     0 | D:1      | Reached XP level 1. HP: 9/9 MP: 4/4
   248 | D:1      | Reached skill level 1 in Stealth
   249 | D:1      | Reached XP level 2. HP: 10/14 MP: 3/6
   678 | D:1      | Reached XP level 3. HP: 17/17 MP: 7/7
  2158 | D:2      | Gained mutation: Your natural rate of healing is unusually
                  | fast. [Vine Stalker growth]
  2158 | D:2      | Reached XP level 4. HP: 21/21 MP: 8/8
  2583 | D:2      | Found a broken altar of Ashenzari.
  2583 | D:2      | Found a white marble altar of Elyvilon.
  2583 | D:2      | Found a blossoming altar of Fedhas.
  3172 | D:3      | Reached XP level 5. HP: 17/25 MP: 9/9
  4001 | D:4      | Reached XP level 6. HP: 29/29 MP: 10/10
  4005 | D:4      | Noticed Pikel
  4028 | D:4      | Slain by a gnoll

Illustrated notes

Levels and vault maps discovered:
D:1:      mrwooster_arrival_statue_3, layout_loops_ring, minmay_lizard_pond
D:2:      layout_basic, gammafunk_temple_overflow_claw, minmay_misc_feat_square,
          corexii_corridor_pit, minmay_misc_feat_secret_circle
D:3:      layout_loops_ring, grunt_decor_cap
D:4:      layout_loops_ring, uniq_robin, uniq_edmund, uniq_pikel

Skill      XL: |  1  2  3  4  5 |
---------------+----------------+-----
Stealth        | 1 2 3 4 |  4.3
Dodging        | 2 3 |  3.2
Unarmed Combat | 4 |  4.5
Fighting       | |  0.8
Spellcasting   | |  2.1
Transmutations | |  2.0

Action                   |  1- 3 |  4- 6 || total
-------------------------+-------+-------++-------
Melee: Unarmed           |   142 |   121 ||   263
       Bite              |    23 |    22 ||    45
       Kick              |    16 |    25 ||    41
       Headbutt          |    13 |    18 ||    31
       Punch             |       |     4 ||     4
 Cast: Beastly Appendage |    19 |    20 ||    39
  Use: Scroll            |     2 |     5 ||     7
 Stab: Sleeping          |     1 |     3 ||     4
Armor: Leather armour    |    36 |    28 ||    64
Dodge: Dodged            |    86 |    93 ||   179
